 Dungeon Crawl Stone Soup version 0.24-a0-778-g74da537585 (webtiles) character file.

Game seed: 11417980579830171525, levelgen mode: deterministic

66 Arixos the Magician (level 3, 0/19 HPs)
             Began as a Deep Elf Fire Elementalist on Oct 7, 2019.
             Was an Initiate of Vehumet.
             Killed from afar by Sigmund (5 damage)
             ... with a magic dart
             ... on level 3 of the Dungeon.
             The game lasted 00:12:38 (2342 turns).

Arixos the Magician (Deep Elf Fire Elementalist)    Turns: 2342, Time: 00:12:39

Health: 0/19       AC:  2    Str:  5    XL:     3   Next: 96%
Magic:  2/10       EV: 13    Int: 20    God:    Vehumet [......]
Gold:   76         SH:  0    Dex: 15    Spells: 3/9 levels left

rFire    . . .     SeeInvis .   n - +0 dagger
rCold    . . .     Gourm    .   (no shield)
rNeg     . . .     Faith    .   a - +0 robe
rPois    .         Spirit   .   (no helmet)
rElec    .         Reflect  .   (no cloak)
rCorr    .         Harm     .   (no gloves)
MR       .....                  (no boots)
Stlth    ++........             (no amulet)
HPRegen  0.06/turn              (no ring)
MPRegen  0.12/turn              (no ring)

@: no status effects
A: no striking features
a: Renounce Religion


You were on level 3 of the Dungeon.
You worshipped Vehumet.
Vehumet was noncommittal.
You were hungry.

You visited 1 branch of the dungeon, and saw 3 of its levels.

You collected 76 gold pieces.

Inventory:

Hand Weapons
 n - a +0 dagger (weapon)
Armour
 a - a +0 robe (worn)
Scrolls
 b - 9 scrolls of identify {unknown}
 d - a scroll of magic mapping {unknown}
 f - a scroll of enchant weapon {unknown}
 g - a scroll of teleportation {unknown}
 i - a scroll of enchant armour {unknown}
 l - a scroll of remove curse {unknown}
Potions
 e - 4 potions of curing {unknown}
 h - 2 potions of flight {unknown}
 j - a potion of haste {unknown}
 k - a potion of agility {unknown}
 m - a potion of might {unknown}
Comestibles
 c - 3 rations


   Skills:
 + Level 3.2 Dodging
 - Level 2.4 Stealth
 + Level 3.9 Spellcasting
 + Level 2.2 Conjurations
 + Level 3.9 Fire Magic


You had 3 spell levels left.
You knew the following spells:

 Your Spells              Type           Power        Failure   Level  Hunger
a - Throw Flame           Conj/Fire      ###...       5%          2    ##.....
f - Conjure Flame         Conj/Fire      ###.....     11%         3    ###....
A - Flame Tongue          Conj/Fire      ###..        3%          1    None

Your spell library contained the following spells:

 Spells                   Type           Power        Failure   Level  Hunger
 Inner Flame              Hex/Fire       ##......     17%         3    ###....
 Sticky Flame             Conj/Fire      ###.....     34%         4    ####...
 Fireball                 Conj/Fire      ###.......   69%         5    ######.


Dungeon Overview and Level Annotations

Branches:
Dungeon (3/15)

Altars:
Fedhas
Makhleb
Vehumet
Zin

Annotations:
D:3 Sigmund


Message History

The flame tongue hits Sigmund.
Sigmund is heavily wounded.
Sigmund gestures at you while chanting.
You are confused.
You bump into the rock wall.
You bump into the rock wall.
You bump into the rock wall.
Sigmund points at you and mumbles some strange words.
The puff of flame misses you. Sigmund casts a spell at you.
You resist with some effort.
You bump into the rock wall.
You feel less confused. Sigmund barely misses you.
Sigmund points at you and mumbles some strange words.
The puff of flame hits you!
* * * LOW HITPOINT WARNING * * *
Sigmund gestures at you while chanting. The magic dart hits you.
You die...

#.# #......... #.#
###...###### #.#
#.....# #.# #.#.###
#.# #@#@# #.# #.#.#
#.# #.#........
#.#######.#########
#........@....#
#########.....######
#..........#
#.....####.# #.....#
##.## ##..### #...#
#..# #.#.#
#<.#####.#.#
#..##....#..


You could see Sigmund.

Vanquished Creatures
  2 adders (D:2)
  A worm (D:2)
  3 dart slugs
  A leopard gecko (D:1)
  5 giant cockroaches
  3 goblins
  4 hobgoblins
  4 jackals
  3 kobolds
  5 bats
  4 frilled lizards
35 creatures vanquished.

Notes
Turn   | Place    | Note
-------+----------+-------------------------------------------
     0 | D:1      | Arixos the Deep Elf Fire Elementalist began the quest for
                  | the Orb.
     0 | D:1      | Reached XP level 1. HP: 10/10 MP: 6/6
   233 | D:1      | Reached XP level 2. HP: 15/15 MP: 2/8
   288 | D:1      | Learned a level 2 spell: Throw Flame
  1238 | D:2      | Reached XP level 3. HP: 19/19 MP: 0/10
  1325 | D:2      | Learned a level 3 spell: Conjure Flame
  1457 | D:2      | Found a burning altar of Makhleb.
  1459 | D:2      | Found a glowing silver altar of Zin.
  1459 | D:2      | Noticed an angel
  1460 | D:2      | Noticed a balrug
  1621 | D:2      | Found a blossoming altar of Fedhas.
  1621 | D:2      | Found a radiant altar of Vehumet.
  1627 | D:2      | Became a worshipper of Vehumet
  2322 | D:3      | Noticed Sigmund
  2342 | D:3      | Killed from afar by Sigmund

Levels and vault maps discovered:
D:1:      saegor_arrival_simple_a, layout_basic
D:2:      layout_loops_cross, grunt_temple_overflow_order_and_chaos_2,
          gammafunk_temple_overflow_statue, first_ration
D:3:      layout_loops_ring, serial_bayou_pond_c, uniq_natasha, uniq_sigmund

Skill      XL: |  1  2  3 |
---------------+----------+-----
Dodging        | 3 |  3.2
Conjurations   | 2 |  2.2
Stealth        | |  2.4
Spellcasting   | |  3.9
Fire Magic     | |  3.9

Action                   || total
-------------------------++-------
Melee: Unarmed           ||    10
 Cast: Flame Tongue      ||    19
       Throw Flame       ||    51
       Conjure Flame     ||     1
  Eat: Chunk             ||     5
Armor: Robe              ||     1
Dodge: Dodged            ||    16

Table legend:
 A = Non-vault XP
 B = Vault XP
 C = Vault XP percentage of total XP
 D = Non-vault monster count
 E = Vault monster count
 F = Vault count percentage of total count
                 A         B        C        D         E       F
            +---------+---------+-------+---------+---------+-------
      Total |      95 |       0 |   0.0 |      35 |       0 |   0.0
            +---------+---------+-------+---------+---------+-------
        D:1 |      32 |       0 |   0.0 |      16 |       0 |   0.0
        D:2 |      59 |       0 |   0.0 |      17 |       0 |   0.0
        D:3 |       4 |       0 |   0.0 |       2 |       0 |   0.0
            +---------+---------+-------+---------+---------+-------
